 Dungeon Crawl Stone Soup version 0.25-a0-576-g50b708a4c4 (webtiles) character file.

Game seed: 136892538632131021, levelgen mode: deterministic

2347 Eurus the Conjurer (level 9, -6/64 HPs)
             Began as a Mummy Conjurer on Mar 1, 2020.
             Was a Follower of Ashenzari.
             Collided with a rock wall (16 damage)
             ... caused by Erica
             ... on level 8 of the Dungeon.
             The game lasted 00:25:27 (10325 turns).

Eurus the Conjurer (Mummy Conjurer)                Turns: 10325, Time: 00:25:28

Health: -6/64      AC:  7    Str: 11    XL:     9   Next: 20%
Magic:  8/19       EV: 11    Int: 17    God:    Ashenzari [*.....]
Gold:   418        SH:  5    Dex: 13    Spells: 13/22 levels left

rFire    x . .     SeeInvis .   a - +1 dagger (protect)
rCold    + . .     Gourm    .   (no shield)
rNeg     + + +     Faith    .   t - +1 leather armour {MR+} (curse)
rPois    ∞         Spirit   .   (no helmet)
rElec    .         Reflect  +   (no cloak)
rCorr    +         Harm     .   (no gloves)
MR       +++..                  m - +2 pair of boots (curse)
Stlth    ++........             l - +5 amulet of reflection (curse)
HPRegen  0.20/turn              h - ring of protection from magic (curse)
MPRegen  0.16/turn              j - ring of resist corrosion

@: studying Staves
A: no food or potions, fire vulnerability, cold resistance 1, negative energy
resistance 3, torment resistance, unbreathing
a: Curse Item, Scrying, Renounce Religion


You were on level 8 of the Dungeon.
You worshipped Ashenzari.
Ashenzari was aware of your devotion.
You were not hungry.

You visited 2 branches of the dungeon, and saw 9 of its levels.

You collected 418 gold pieces.

Inventory:

Hand Weapons
 a - a +1 dagger of protection (weapon)
Armour
 m - a cursed +2 pair of boots (worn)
 t - a cursed +1 leather armour of magic resistance (worn)
Jewellery
 h - a cursed ring of protection from magic (left hand)
 j - a ring of resist corrosion (right hand)
 l - a cursed +5 amulet of reflection (around neck)
Wands
 g - a wand of digging (3)
 o - a wand of flame (15)
 p - a wand of paralysis (5)
 s - a wand of random effects (22)
Scrolls
 c - 6 scrolls of identify
 d - a scroll of amnesia
 e - a scroll of fear
 f - 6 scrolls of teleportation
 k - a scroll of holy word {unknown}
Books
 i - a manual of Staves


   Skills:
 - Level 3.5 Fighting
 * Level 3.2 Armour
 - Level 1.5 Dodging
 - Level 1.5 Stealth
 + Level 7.2 Spellcasting
 * Level 7.5 Conjurations
 + Level 3.7 Translocations


You had 13 spell levels left.
You knew the following spells:

 Your Spells              Type           Power        Failure   Level  Hunger
a - Magic Dart            Conj           ####         1%          1    N/A
b - Searing Ray           Conj           ####..       1%          2    N/A
c - Blink                 Tloc           N/A          4%          2    N/A
d - Iskenderun's Mystic   Conj/Tloc      ####....     14%         4    N/A

Your spell library contained the following spells:

 Spells                   Type           Power        Failure   Level  Hunger
 Conjure Flame            Conj/Fire      ###.....     9%          3    N/A
 Dazzling Flash           Conj/Hex       ###...       9%          3    N/A
 Mephitic Cloud           Conj/Pois/Air  ##......     16%         3    N/A
 Call Imp                 Summ           #.......     22%         2    N/A
 Slow                     Hex            #.......     22%         2    N/A
 Fulminant Prism          Conj/Hex       ###.......   30%         4    N/A

Dungeon Overview and Level Annotations

Branches:
Dungeon (8/15)             Temple (1/1) D:5
   Lair: D:8-11

Altars:
Ashenzari
Cheibriados
Elyvilon
Fedhas
Hepliaklqana
Kikubaaqudgha
Nemelex Xobeh
Okawaru
Qazlal
Ru
Sif Muna
Trog
Uskayaw
Vehumet
Wu Jian
Xom
Yredelemnul
Zin
The Shining One

Shops:
D:5 :

Annotations:
D:1 exclusion: downstairs
D:3 2 transporters
D:7 Prince Ribbit
D:8 Erica, Joseph


Innate Abilities, Weirdness & Mutations

You do not eat or drink.
Your flesh is vulnerable to fire.
You are immune to poison.
Your flesh is cold resistant. (rC+)
You are immune to negative energy. (rN+++)
You are immune to unholy pain and torment.
You can survive without breathing.


Message History

Erica hits you with a +2 scimitar of flaming!
Erica burns you.
The searing ray hits Erica!
Erica is severely wounded.
Erica hits you with a +2 scimitar of flaming.
Erica burns you.
Casting: Searing Ray (safe; 1% risk of failure)
Confirm with . or Enter, or press ? or * to list all spells.
Aiming: Searing Ray (safe; 1% risk of failure)
Press: ? - help, Shift-Dir - straight line, f/p - Erica
Aim: Erica, wielding a +2 scimitar of flaming and wearing a +2 robe of magic resistance (severely wounded)
The searing ray hits Erica.
Erica is severely wounded. (Press . to maintain the ray.) Erica gestures at you while chanting.
The lance of force hits you!!
* * * LOW HITPOINT WARNING * * *
You are knocked back by the lance of force.
You slam into the rock wall!
You die...

... ..# #.# ##...## #..
### #.# ##.## #.# #.#
#.# #.# #.# #.#
####.###########.# #.#
.....))).........# #.#
####.##################.
#.# #.@....!. ####.# #@#
.....# #.# #.#### #.#
#.# #######.# #.#
#.......# #.# #.#######
#.# #.# #.# #.#
#.########.#


You could see Erica.

Vanquished Creatures
  2 ice beasts
  Duvessa (D:4)
  An orc warrior (D:7)
  A phantom (D:6)
  A sky beast (D:6)
  A black bear (D:8)
  3 ogres
  A centaur (D:8)
  2 bullfrogs (D:6)
  Dowan (D:4)
  3 scorpions
  3 howler monkeys
  3 crimson imps
  4 jellies
  A bullfrog skeleton (D:5)
  3 hounds
  An orc priest (D:7)
  A centaur skeleton (D:7)
  Ijyb (D:4)
  4 orc wizards
  2 iguanas
  A worker ant (D:5)
  2 hound zombies
  4 gnolls
  10 adders
  2 shadow imps
  2 oozes
  An adder skeleton (D:7)
  A dart slug (D:4)
  7 leopard geckos
  29 orcs
  3 ball pythons (D:3)
  4 bats
  4 giant cockroaches
  6 hobgoblins
  6 jackals
  10 kobolds
  4 quokkas
  6 frilled lizards
  9 goblins
  A jackal skeleton (D:5)
  A leopard gecko skeleton (D:8)
  A quokka zombie (D:6)
  3 rats
157 creatures vanquished.

Vanquished Creatures (others)
  3 fungi (D:5)
3 creatures vanquished.

Grand Total: 160 creatures vanquished

Notes
Turn   | Place    | Note
-------+----------+-------------------------------------------
     0 | D:1      | Eurus the Mummy Conjurer began the quest for the Orb.
     0 | D:1      | Reached XP level 1. HP: 13/13 MP: 4/4
   474 | D:1      | Reached XP level 2. HP: 18/19 MP: 1/6
   482 | D:1      | Learned a level 2 spell: Searing Ray
  1359 | D:2      | Reached XP level 3. HP: 20/24 MP: 3/7
  2033 | D:2      | Reached XP level 4. HP: 30/30 MP: 5/9
  2944 | D:3      | Found a transporter.
  2964 | D:3      | Found a transporter.
  3235 | D:3      | Reached XP level 5. HP: 34/35 MP: 8/11
  3501 | D:3      | Learned a level 2 spell: Blink
  3506 | D:3      | Learned a level 4 spell: Iskenderun's Mystic Blast
  4107 | D:4      | Noticed Duvessa
  4107 | D:4      | Noticed Dowan
  4156 | D:4      | Found a hazy altar of Hepliaklqana.
  4198 | D:4      | Found a white marble altar of Elyvilon.
  4271 | D:4      | Found an iron altar of Okawaru.
  4333 | D:4      | Found a sparkling altar of Nemelex Xobeh.
  4343 | D:4      | Reached skill level 5 in Conjurations
  4388 | D:4      | Found an ancient bone altar of Kikubaaqudgha.
  4596 | D:4      | Reached skill level 1 in Fighting
  4801 | D:4      | Reached XP level 6. HP: 39/43 MP: 9/13
  4976 | D:5      | Entered Level 5 of the Dungeon
  4982 | D:5      | Reached skill level 1 in Translocations
  5098 | D:5      | Found Fuajuj's Book Shoppe.
  5141 | D:5      | Reached skill level 5 in Spellcasting
  5389 | D:5      | Noticed Ijyb
  5407 | D:5      | Paralysed by Ijyb for 4 turns
  5416 | D:5      | Paralysed by Ijyb for 2 turns
  5422 | D:5      | Paralysed by Ijyb for 7 turns
  5432 | D:4      | Killed Ijyb
  5562 | D:5      | Found a shimmering blue altar of Sif Muna.
  5664 | D:5      | Noticed an ice beast
  5671 | D:5      | Killed an ice beast
  5671 | D:5      | Reached XP level 7. HP: 45/50 MP: 5/15
  5914 | D:5      | Found a glowing golden altar of the Shining One.
  5935 | D:5      | Found a staircase to the Ecumenical Temple.
  6016 | Temple   | Entered the Ecumenical Temple
  6111 | Temple   | Became a worshipper of Ashenzari the Shackled
  6158 | D:5      | Found a radiant altar of Vehumet.
  6907 | D:6      | Reached XP level 8. HP: 57/58 MP: 15/17
  7388 | D:4      | Killed Duvessa
  7441 | D:4      | Killed Dowan
  7441 | D:4      | Reached skill level 1 in Armour
  7605 | D:4      | Found a blossoming altar of Fedhas.
  7792 | D:7      | Found a snail-covered altar of Cheibriados.
  7877 | D:7      | Found a shimmering altar of Xom.
  8022 | D:7      | Reached * piety under Ashenzari
  8834 | D:7      | Noticed Prince Ribbit
  9418 | D:8      | Noticed Joseph
  9429 | D:8      | HP: 2/58 [Joseph/sling bullet (6)]
  9444 | D:7      | Reached XP level 9. HP: 5/64 MP: 14/19
  9826 | D:8      | Noticed a two-headed ogre
 10317 | D:8      | Noticed Erica
 10325 | D:8      | Collided with a rock wall

Levels and vault maps discovered:
D:1:      grunt_arrival_lava_bath, layout_basic
D:2:      layout_loops_corners, minmay_heptomino_l4
D:3:      gammafunk_wand_slinger, layout_basic
D:4:      layout_gridville, nemelex_xobeh_ov_fountains_minmay,
          old_standard_altar, kennysheep_little_box, fedhas_altar_fruit_tree,
          old_standard_altar, first_ration, minmay_misc_feat_hallway,
          elyvilon_altar_5, uniq_duvessa
D:5:      layout_basic, old_standard_altar, lemuel_coloured_pillars_altar,
          nicolae_overflow_crystal_walls, minmay_temple_entry_overgrown,
          serial_aquarium, aquarium_bridge_island_small
          [aquarium_subvault_small_water, aquarium_subvault_bridge,
          aquarium_subvault_wall, aquarium_subvault_bridge,
          aquarium_subvault_balcony], aquarium_window_fake,
          aquarium_window_fake, aquarium_window_fake, aquarium_view_2e,
          aquarium_pool_2, serial_shops, shop, uniq_ijyb
D:6:      layout_basic, minmay_manual_monstrance
D:7:      minmay_octagon_keep, layout_loops_ring, lemuel_crystal_altar,
          cheibriados_altar_1, uniq_prince_ribbit1
D:8:      layout_loops_ring, grunt_dithmenos_smoke, makhleb_heckhound_becter,
          dpeg_lair_monsters, nicolae_ossuary_entry_false_entrances, uniq_erica,
          uniq_joseph
Temple:   dpeg_three_leaves_temple

Skill      XL: |  1  2  3  4  5  6  7  8  9 |
---------------+----------------------------+-----
Spellcasting   | 3 4 5 6 7 |  7.2
Conjurations   | 4 5 6 7 |  7.5
Fighting       | 1 2 3 |  3.5
Translocations | 1 2 3 |  3.7
Armour         | 2 3 |  3.2
Dodging        | |  1.5
Stealth        | |  1.5

Action                   |  1- 3 |  4- 6 |  7- 9 || total
-------------------------+-------+-------+-------++-------
Melee: Dagger            |    32 |    72 |    45 ||   149
 Cast: Magic Dart        |    43 |    56 |    50 ||   149
       Searing Ray       |     4 |    22 |    50 ||    76
Invok: Curse Item        |       |       |     4 ||     4
  Use: Scroll            |       |       |     8 ||     8
 Stab: Sleeping          |       |     2 |       ||     2
       Distracted        |       |     1 |     1 ||     2
Armor: Robe              |    17 |    11 |     6 ||    34
       Leather armour    |       |       |    17 ||    17
Dodge: Dodged            |    29 |    56 |    59 ||   144
Block: Other             |       |       |    15 ||    15
       Reflection        |       |       |     2 ||     2

Table legend:
 A = Non-vault XP
 B = Vault XP
 C = Vault XP percentage of total XP
 D = Non-vault monster count
 E = Vault monster count
 F = Vault count percentage of total count
                 A         B        C        D         E       F
            +---------+---------+-------+---------+---------+-------
      Total |    2364 |     989 |  29.5 |     137 |      20 |  12.7
            +---------+---------+-------+---------+---------+-------
        D:1 |      36 |       0 |   0.0 |      22 |       0 |   0.0
        D:2 |     102 |       4 |   3.8 |      18 |       3 |  14.3
        D:3 |     104 |       0 |   0.0 |      31 |       0 |   0.0
        D:4 |     235 |     252 |  51.7 |       9 |       3 |  25.0
        D:5 |     493 |       0 |   0.0 |      17 |       0 |   0.0
        D:6 |     608 |     265 |  30.4 |      19 |       5 |  20.8
        D:7 |     425 |     468 |  52.4 |      10 |       9 |  47.4
        D:8 |     361 |       0 |   0.0 |      11 |       0 |   0.0
            +---------+---------+-------+---------+---------+-------
